[Event "ICC tourney 2182 (40 10)"]
[Site "Internet Chess Club"]
[Date "2020.12.06"]
[Round "4"]
[White "sanjayrame"]
[Black "jy2020"]
[Result "1-0"]
[ICCResult "Black resigns"]
[WhiteElo "1943"]
[BlackElo "2227"]
[Opening "Sicilian: Najdorf, Byrne (English) attack"]
[ECO "B90"]
[NIC "SI.14"]
[Time "17:46:14"]
[PlyCount "121"]
[TimeControl "2400+10"]


1. e4 c5 2. Nf3 d6 3. d4 cxd4 4. Nxd4 Nf6 5. Nc3 a6 6. Be3 e5 7. Nf3 Be7 8.
Bc4 O-O 9. O-O Nc6 10. a3 h6 11. h3 Be6 12. Qd3 Rc8 13. Nd5 Bxd5 14. Bxd5
Nxd5 15. Qxd5 Na5 16. Nd2 b5 17. Rac1 Qc7 18. b3 Qc6 19. Qd3 Qb7 20. c4
bxc4 21. Nxc4 Nxc4 22. Rxc4 Rxc4 23. Qxc4 Rc8 24. Qd5 Qxd5 25. exd5 f5 26.
Rc1 Rxc1+ 27. Bxc1 Kf7 28. Kf1 Ke8 29. Ke2 Kd7 30. Kd3 Kc7 31. g4 fxg4 32.
hxg4 Bf8 33. Kc4 g6 34. b4 Bg7 35. f3 Bf8 36. a4 Kb7 37. a5 Bg7 38. b5 h5
39. gxh5 gxh5 40. Bg5 e4 41. fxe4 Be5 42. Bh4 Ka7 43. b6+ Kb7 44. Kd3 Kc8
45. Ke2 Bc3 46. Be1 Be5 47. Kf3 Kd7 48. Kg2 Bf4 49. Kh3 Bg5 50. Kg3 Kc8 51.
Bc3 Kd7 52. Bb4 Bf6 53. Kf4 Be7 54. Kf5 Bh4 55. Kg6 Bf2 56. Kxh5 Bd4 57.
Kg4 Be5 58. Kf5 Bh2 59. Bc3 Bg3 60. e5 dxe5 61. Bxe5 { Black resigns } 1-0

[Event "ICC tourney 2182 (40 10)"]
[Site "Internet Chess Club"]
[Date "2020.12.06"]
[Round "4"]
[White "Joshua1"]
[Black "JoelFagliano"]
[Result "1-0"]
[ICCResult "Black resigns"]
[WhiteElo "1862"]
[BlackElo "2035"]
[Opening "QGD semi-Slav: 5.e3"]
[ECO "D45"]
[NIC "SL.08"]
[Time "17:46:11"]
[PlyCount "117"]
[TimeControl "2400+10"]


1. d4 d5 2. c4 e6 3. Nc3 c6 4. e3 Nf6 5. Nf3 Bd6 6. Bd3 dxc4 7. Bxc4 b5 8.
Be2 b4 9. Na4 Nbd7 10. O-O Bb7 11. b3 Rc8 12. Bb2 Qe7 13. Rc1 O-O 14. Qc2
c5 15. dxc5 Nxc5 16. Nxc5 Bxc5 17. Qb1 Rfd8 18. Rfd1 h6 19. Qa1 Bb6 20.
Rxd8+ Bxd8 21. h3 Rxc1+ 22. Qxc1 Ne4 23. Ne5 Qc7 24. Qxc7 Bxc7 25. Bf3 Bd5
26. Nd3 a5 27. Be5 Bxe5 28. Nxe5 f6 29. Bxe4 fxe5 30. Bc2 Kf7 31. h4 Ke7
32. Kf1 Kd6 33. g3 a4 34. e4 axb3 35. axb3 Bc6 36. Ke2 Ke7 37. Ke3 Kf6 38.
Bd3 g5 39. hxg5+ Kxg5 40. f3 h5 41. Ba6 Be8 42. Kd3 h4 43. gxh4+ Kf4 44.
Kc4 Kxf3 45. Bb7 Bg6 46. Kxb4 Bxe4 47. Bxe4+ Kxe4 48. h5 Kf5 49. h6 Kg6 50.
Kc4 Kxh6 51. b4 Kg5 52. b5 Kf4 53. b6 e4 54. b7 e5 55. b8=Q e3 56. Kd3 e2
57. Kxe2 Ke4 58. Qb4+ Kf5 59. Ke3 { Black resigns } 1-0

[Event "ICC tourney 2182 (40 10)"]
[Site "Internet Chess Club"]
[Date "2020.12.06"]
[Round "5"]
[White "saiabhi29"]
[Black "Feugon"]
[Result "1-0"]
[ICCResult "Black checkmated"]
[WhiteElo "2078"]
[BlackElo "1982"]
[Opening "Queen's pawn"]
[ECO "A40"]
[NIC "QO.17"]
[Time "20:01:41"]
[PlyCount "37"]
[TimeControl "2400+10"]


1. d4 e6 2. Bf4 f5 3. e3 Nf6 4. c3 d5 5. Bd3 c6 6. Qc2 Be7 7. Nd2 Nbd7 8.
Ngf3 O-O 9. O-O-O c5 10. Ne5 c4 11. Be2 Nxe5 12. dxe5 Nd7 13. g4 g5 14.
gxf5 gxf4 15. f6 fxe3 16. Rhg1+ Kh8 17. Rg7 exd2+ 18. Kb1 Rxf6 19. Qxh7# {
Black checkmated } 1-0

[Event "ICC tourney 2182 (40 10)"]
[Site "Internet Chess Club"]
[Date "2020.12.06"]
[Round "5"]
[White "IshanVannadil"]
[Black "KnightHopper"]
[Result "0-1"]
[ICCResult "White checkmated"]
[WhiteElo "1850"]
[BlackElo "2039"]
[Opening "Sicilian: dragon, Yugoslav attack"]
[ECO "B75"]
[NIC "SI.17"]
[Time "20:01:37"]
[PlyCount "96"]
[TimeControl "2400+10"]


1. e4 c5 2. Nf3 d6 3. d4 cxd4 4. Nxd4 Nf6 5. Nc3 g6 6. f3 Bg7 7. Be3 Nc6 8.
Be2 O-O 9. Qd2 d5 10. O-O-O e5 11. Nxc6 bxc6 12. exd5 cxd5 13. Nxd5 Nxd5
14. Qxd5 Qc7 15. Qd6 Qb7 16. b3 Bf5 17. Ba6 Qb8 18. Qxb8 Raxb8 19. Rd6 e4
20. f4 Bc3 21. h3 Bb4 22. Rc6 Ba3+ 23. Kb1 Rfd8 24. Bxa7 Ra8 25. Be3 Rd5
26. g4 Bd7 27. Rf6 Ra5 28. Bc4 Be8 29. Bb6 Be7 30. Bxa5 Bxf6 31. Bb4 Rd8
32. g5 Bg7 33. c3 h6 34. h4 Rd2 35. a4 Bc6 36. Re1 Rg2 37. a5 Rg4 38. a6
Rxf4 39. Rf1 Be5 40. gxh6 e3 41. Bc5 Rxf1+ 42. Bxf1 Bxc3 43. Kc2 Bd2 44. b4
Be4+ 45. Kd1 Kh7 46. b5 Bf3+ 47. Be2 Bd5 48. b6 Bb3# { White checkmated }
0-1

[Event "ICC tourney 2182 (40 10)"]
[Site "Internet Chess Club"]
[Date "2020.12.06"]
[Round "5"]
[White "Bearbarion"]
[Black "Natey"]
[Result "0-1"]
[ICCResult "White resigns"]
[WhiteElo "1921"]
[BlackElo "1745"]
[Opening "Grünfeld: exchange, Spassky variation"]
[ECO "D87"]
[NIC "GI.05"]
[Time "20:01:44"]
[PlyCount "86"]
[TimeControl "2400+10"]


1. d4 Nf6 2. c4 g6 3. Nc3 d5 4. cxd5 Nxd5 5. e4 Nxc3 6. bxc3 Bg7 7. Bc4 c5
8. Ne2 O-O 9. O-O Nc6 10. Be3 e6 11. Qd2 Qa5 12. Rab1 cxd4 13. Nxd4 Nxd4
14. Bxd4 Rd8 15. Qe3 Qc7 16. Bxg7 Kxg7 17. Bb3 b6 18. e5 Bb7 19. Qg5 Bd5
20. Qf6+ Kg8 21. c4 Bxc4 22. Bxc4 Qxc4 23. Rbc1 Qxa2 24. Rc7 Rf8 25. h4 Qe2
26. Rfc1 Qg4 27. Qe7 Qf4 28. h5 Qxe5 29. hxg6 hxg6 30. R1c3 a5 31. Rh3 Rad8
32. Rc1 b5 33. Re3 Qg7 34. Rc7 a4 35. Qb4 Rd5 36. Re4 Qf6 37. Rf4 Qa1+ 38.
Kh2 Qe5 39. g3 Qxc7 40. Qb2 Qe5 41. Qb4 Qg5 42. Rh4 Rf5 43. Qb2 Qf6 { White
resigns } 0-1

[Event "ICC tourney 2182 (40 10)"]
[Site "Internet Chess Club"]
[Date "2020.12.06"]
[Round "5"]
[White "che8642"]
[Black "che2468"]
[Result "1-0"]
[ICCResult "Black checkmated"]
[WhiteElo "1532"]
[BlackElo "1464"]
[Opening "Queen's pawn: Chigorin variation"]
[ECO "D00"]
[NIC "QP.08"]
[Time "20:01:42"]
[PlyCount "35"]
[TimeControl "2400+10"]


1. d4 d5 2. Nc3 c6 3. Bf4 Nf6 4. e3 Ne4 5. Bd3 Nxc3 6. bxc3 e6 7. Nf3 Bd6
8. Ne5 O-O 9. Qh5 g6 10. Qh6 Qe7 11. h4 Nd7 12. h5 Nxe5 13. dxe5 Bc7 14.
hxg6 fxg6 15. Bxg6 Ba5 16. Bxh7+ Kh8 17. Bg6+ Kg8 18. Qh8# { Black
checkmated } 1-0

[Event "ICC tourney 2182 (40 10)"]
[Site "Internet Chess Club"]
[Date "2020.12.06"]
[Round "5"]
[White "jy2020"]
[Black "Joshua1"]
[Result "1-0"]
[ICCResult "Black resigns"]
[WhiteElo "2227"]
[BlackElo "1862"]
[Opening "Sicilian: Kan, Maróczy bind (Réti variation)"]
[ECO "B41"]
[NIC "SI.41"]
[Time "20:01:42"]
[PlyCount "69"]
[TimeControl "2400+10"]


1. e4 c5 2. Nf3 e6 3. d4 cxd4 4. Nxd4 a6 5. c4 Qc7 6. a3 Nf6 7. Nc3 d6 8.
Be2 Be7 9. Be3 O-O 10. O-O Nbd7 11. Rc1 b6 12. f3 Bb7 13. Qd2 Rac8 14. Rfd1
Rfe8 15. b4 Qb8 16. Nb3 Bd8 17. Bf4 Ne5 18. Bxe5 dxe5 19. c5 bxc5 20. Nxc5
Qa7 21. Kh1 Be7 22. Nxb7 Qxb7 23. Na4 Qa7 24. Qd3 a5 25. b5 Red8 26. Rxc8
Rxc8 27. b6 Qb7 28. Qa6 Qc6 29. b7 Qxa6 30. Bxa6 Rb8 31. Rc1 Nd7 32. Rc7
Rd8 33. Rxd7 Rxd7 34. b8=Q+ Rd8 35. Qb1 { Black resigns } 1-0

[Event "ICC tourney 2182 (40 10)"]
[Site "Internet Chess Club"]
[Date "2020.12.06"]
[Round "5"]
[White "pianoboy"]
[Black "alexdora"]
[Result "0-1"]
[ICCResult "White resigns"]
[WhiteElo "1854"]
[BlackElo "1950"]
[Opening "QGD: Tarrasch defense"]
[ECO "D32"]
[NIC "TD.06"]
[Time "20:02:05"]
[PlyCount "58"]
[TimeControl "2400+10"]


1. d4 d5 2. c4 e6 3. Nc3 c5 4. cxd5 exd5 5. Nf3 Nc6 6. e3 Nf6 7. dxc5 Bxc5
8. Be2 O-O 9. Nd4 Qe7 10. O-O Rd8 11. b3 Qe5 12. Nxc6 bxc6 13. Bb2 Bd6 14.
g3 Bh3 15. Re1 h5 16. Rb1 h4 17. Nb5 Qg5 18. Nxd6 hxg3 19. hxg3 Rxd6 20.
Bf3 Rad8 21. Bxf6 Rxf6 22. Bg2 Bg4 23. Qd4 Qf5 24. Rf1 Be2 25. e4 Qh5 26.
Rfe1 Rh6 27. f4 Bf3 28. Rb2 Qh2+ 29. Kf2 Qxg2+ { White resigns } 0-1

[Event "ICC tourney 2182 (40 10)"]
[Site "Internet Chess Club"]
[Date "2020.12.06"]
[Round "5"]
[White "runtilmorrow1"]
[Black "Chesssaga"]
[Result "1-0"]
[ICCResult "Black resigns"]
[WhiteElo "1964"]
[BlackElo "2004"]
[Opening "Ruy Lopez: closed, Breyer, Borisenko variation"]
[ECO "C95"]
[NIC "RL.25"]
[Time "20:01:31"]
[PlyCount "89"]
[TimeControl "2400+10"]


1. e4 e5 2. Nf3 Nc6 3. Bb5 a6 4. Ba4 Nf6 5. O-O Be7 6. Re1 b5 7. Bb3 d6 8.
c3 O-O 9. h3 Nb8 10. d4 Nbd7 11. Be3 Nxe4 12. Bd5 Nxc3 13. Nxc3 Rb8 14.
dxe5 Nxe5 15. Nxe5 dxe5 16. Bc6 Bd6 17. Ne4 Be6 18. Ng5 Qe7 19. Nxe6 Qxe6
20. Qc2 Kh8 21. Rad1 f5 22. Bc5 f4 23. Bxd6 cxd6 24. Bd5 Qh6 25. Bf3 Rbc8
26. Qd2 Rf6 27. Rc1 Rcf8 28. Rc6 g5 29. Rd1 Rd8 30. Qa5 Qf8 31. Rxa6 Qe8
32. Ra7 Rc8 33. Qb6 Rf7 34. Bh5 Rxa7 35. Bxe8 Rxa2 36. Bd7 Rf8 37. Qxd6
Raa8 38. Qxe5+ Kg8 39. Be6+ Rf7 40. Qxg5+ Kf8 41. Bxf7 Kxf7 42. Rd7+ Ke6
43. Qd5+ Kf6 44. Rf7+ Kg6 45. Qf5+ { Black resigns } 1-0

[Event "ICC tourney 2182 (40 10)"]
[Site "Internet Chess Club"]
[Date "2020.12.06"]
[Round "5"]
[White "varsat"]
[Black "mchessmaster"]
[Result "1-0"]
[ICCResult "Black resigns"]
[WhiteElo "1857"]
[BlackElo "1976"]
[Opening "Sicilian: closed, 2...Nc6"]
[ECO "B23"]
[NIC "SI.44"]
[Time "20:01:34"]
[PlyCount "75"]
[TimeControl "2400+10"]


1. e4 c5 2. Nc3 Nc6 3. Bb5 g6 4. Bxc6 dxc6 5. f4 Bg7 6. d3 Nf6 7. Nf3 O-O
8. O-O b6 9. Qe1 Ba6 10. Qh4 c4 11. d4 b5 12. e5 Nd5 13. Ng5 h6 14. Nf3
Nxc3 15. bxc3 Bc8 16. f5 Bxf5 17. Bxh6 f6 18. Rf2 Qe8 19. g4 g5 20. Qh3
Bxg4 21. Qxg4 Bxh6 22. h4 f5 23. Qg3 g4 24. Nh2 Kh8 25. Raf1 f4 26. Rxf4
Rxf4 27. Rxf4 Bxf4 28. Qxf4 Qg6 29. Nf1 Kg7 30. Ng3 Rf8 31. Qe3 Rf3 32. Qe1
Qxc2 33. e6 Qg6 34. Qe5+ Qf6 35. Nh5+ Kg6 36. Nxf6 Rxf6 37. h5+ Kh6 38.
Qxf6+ { Black resigns } 1-0

[Event "ICC tourney 2182 (40 10)"]
[Site "Internet Chess Club"]
[Date "2020.12.06"]
[Round "5"]
[White "AJ2000"]
[Black "sillytiger"]
[Result "1/2-1/2"]
[ICCResult "Game drawn by mutual agreement"]
[WhiteElo "1673"]
[BlackElo "1437"]
[Opening "Sicilian: O'Kelly variation"]
[ECO "B28"]
[NIC "SI.43"]
[Time "20:02:02"]
[PlyCount "78"]
[TimeControl "2400+10"]


1. e4 c5 2. Nf3 a6 3. d4 cxd4 4. Nxd4 Nf6 5. f3 e5 6. Nf5 d5 7. Bg5 Qa5+ 8.
c3 dxe4 9. Nd6+ Bxd6 10. Qxd6 Nbd7 11. fxe4 Qc5 12. Qxc5 Nxc5 13. Bxf6 gxf6
14. Nd2 f5 15. exf5 Bxf5 16. b4 Nd3+ 17. Bxd3 Bxd3 18. Nb3 Be4 19. O-O Rg8
20. g3 b6 21. Rae1 f5 22. Nd2 Rg4 23. Nxe4 Rxe4 24. Rxe4 fxe4 25. Re1 Ke7
26. Rxe4 Ke6 27. Kf2 Rc8 28. Re3 Kd5 29. a4 b5 30. axb5 axb5 31. Kf3 h5 32.
g4 e4+ 33. Rxe4 Rxc3+ 34. Kf4 hxg4 35. Re5+ Kd4 36. Rxb5 Rh3 37. Rg5 Rxh2
38. b5 Rb2 39. Kxg4 Kc4 { Game drawn by mutual agreement } 1/2-1/2

[Event "ICC tourney 2182 (40 10)"]
[Site "Internet Chess Club"]
[Date "2020.12.06"]
[Round "5"]
[White "sanjayrame"]
[Black "vyomvidy"]
[Result "0-1"]
[ICCResult "White resigns"]
[WhiteElo "1943"]
[BlackElo "2337"]
[Opening "Ruy Lopez: exchange variation, 5.O-O"]
[ECO "C68"]
[NIC "RL.08"]
[Time "20:02:02"]
[PlyCount "50"]
[TimeControl "2400+10"]


1. e4 e5 2. Nf3 Nc6 3. Bb5 a6 4. Bxc6 dxc6 5. O-O Bg4 6. h3 Bh5 7. g4 Bg6
8. Nxe5 Bd6 9. Nf3 h5 10. g5 Qd7 11. Kg2 O-O-O 12. d3 Ne7 13. Nc3 f6 14.
Ne2 h4 15. Bf4 Bh5 16. Bxd6 cxd6 17. Nh2 Ng6 18. f4 fxg5 19. fxg5 Rdf8 20.
Ng4 Bxg4 21. hxg4 Qxg4+ 22. Kh2 Ne5 23. Nd4 Qg3+ 24. Kh1 Ng4 25. Nf3 Rxf3 {
White resigns } 0-1

[Event "ICC tourney 2182 (40 10)"]
[Site "Internet Chess Club"]
[Date "2020.12.06"]
[Round "5"]
[White "largecrab"]
[Black "KRASAVCHIK"]
[Result "0-1"]
[ICCResult "White resigns"]
[WhiteElo "2158"]
[BlackElo "2648"]
[Opening "Sicilian defense"]
[ECO "B33"]
[NIC "SI.34"]
[Time "20:02:25"]
[PlyCount "80"]
[TimeControl "2400+10"]


1. e4 c5 2. Nf3 Nc6 3. d4 cxd4 4. Nxd4 Nf6 5. Nc3 e6 6. Nxc6 bxc6 7. Bd3 d5
8. O-O Be7 9. exd5 cxd5 10. Re1 O-O 11. Bg5 a5 12. Qe2 Qb6 13. Nb5 a4 14.
Be3 Bc5 15. Bxc5 Qxc5 16. c3 Bd7 17. Nd4 a3 18. Nb3 Qc7 19. Rec1 axb2 20.
Qxb2 Ng4 21. g3 Ne5 22. Qe2 Ra4 23. Nd4 Nxd3 24. Qxd3 Rfa8 25. Rc2 e5 26.
Ne2 Qc5 27. Rb2 g6 28. Qb1 Kg7 29. Qe1 Bc6 30. Nc1 Re4 31. Re2 Rxe2 32.
Nxe2 d4 33. Qf1 d3 34. Nc1 Qd5 35. f3 d2 36. Nb3 Rxa2 37. Rb1 Qxf3 38. Qxf3
Bxf3 39. Nxd2 Rxd2 40. Rc1 Rd1+ { White resigns } 0-1

[Event "ICC tourney 2182 (40 10)"]
[Site "Internet Chess Club"]
[Date "2020.12.06"]
[Round "5"]
[White "RockoSweat"]
[Black "vvguys"]
[Result "0-1"]
[ICCResult "White resigns"]
[WhiteElo "1644"]
[BlackElo "1559"]
[Opening "Sicilian defense"]
[ECO "B44"]
[NIC "SI.39"]
[Time "20:01:37"]
[PlyCount "110"]
[TimeControl "2400+10"]


1. e4 c5 2. Nf3 e6 3. d4 cxd4 4. Nxd4 Nc6 5. Nb3 Qc7 6. a3 Nf6 7. Nc3 a6 8.
f4 d6 9. Be3 Be7 10. Be2 b6 11. O-O O-O 12. Qe1 Bb7 13. Bf3 b5 14. Qg3 Nb8
15. e5 dxe5 16. fxe5 Nfd7 17. Bxb7 Qxb7 18. Bh6 g6 19. Bxf8 Bxf8 20. Qf4
Nb6 21. Ne4 Nd5 22. Nf6+ Nxf6 23. Qxf6 Nc6 24. Qf3 Qb6+ 25. Kh1 Nxe5 26.
Qxa8 Qc7 27. Qe4 h5 28. h3 Bg7 29. c3 Nc4 30. Rf2 Nxb2 31. Rxb2 Bxc3 32.
Rc2 Qg3 33. Rac1 Be5 34. Kg1 Bf4 35. Rc8+ Kh7 36. R1c3 Qh4 37. Kf1 Qf6 38.
Rf3 e5 39. g3 Qe6 40. Rc6 Qxh3+ 41. Ke2 Qg2+ 42. Kd3 f5 43. Qe2 e4+ 44. Kd4
Qxe2 45. Rxf4 Qd3+ 46. Ke5 Qxb3 47. Rxa6 e3 48. Rf3 Qc3+ 49. Kf4 Qd4+ 50.
Kg5 Qg4+ 51. Kf6 Qxf3 52. Ra7+ Kh6 53. Re7 Qc6+ 54. Re6 Qxe6+ 55. Kxe6 e2 {
White resigns } 0-1

[Event "ICC tourney 2182 (40 10)"]
[Site "Internet Chess Club"]
[Date "2020.12.06"]
[Round "5"]
[White "eigenator"]
[Black "MrNormalName"]
[Result "1-0"]
[ICCResult "Black resigns"]
[WhiteElo "2376"]
[BlackElo "2181"]
[Opening "Giuoco Piano"]
[ECO "C54"]
[NIC "IG.02"]
[Time "20:02:25"]
[PlyCount "105"]
[TimeControl "2400+10"]


1. e4 e5 2. Nf3 Nc6 3. Bc4 Bc5 4. c3 Nf6 5. d3 a6 6. O-O Ba7 7. Nbd2 O-O 8.
h3 d6 9. a4 Ne7 10. Re1 Ng6 11. Nf1 h6 12. d4 Nh5 13. Nxe5 Nxe5 14. dxe5
Qh4 15. Be3 Bxe3 16. Nxe3 dxe5 17. Qf3 Nf6 18. Nd5 Nxd5 19. Bxd5 c6 20. Bb3
Qe7 21. Qg3 Qf6 22. Rad1 Be6 23. Rd6 Rad8 24. Red1 Bxb3 25. Rxf6 Rxd1+ 26.
Kh2 Kh8 27. Rf5 f6 28. f4 Be6 29. Rh5 Bf7 30. Rh4 Re8 31. Rg4 Bh5 32. fxe5
Bxg4 33. exf6 gxf6 34. Qxg4 Rd6 35. Qf4 Rde6 36. Qxh6+ Kg8 37. Qg6+ Kf8 38.
a5 R8e7 39. h4 Rg7 40. Qf5 Kf7 41. b4 Re5 42. Qc8 Kg6 43. g4 Rge7 44. Qg8+
Kh6 45. h5 Rg7 46. Qh8+ Kg5 47. Qxg7+ Kh4 48. Qxf6+ Rg5 49. h6 Kxg4 50.
Qxg5+ Kxg5 51. h7 Kf4 52. h8=Q Kxe4 53. Qd4+ { Black resigns } 1-0

[Event "ICC tourney 2182 (40 10)"]
[Site "Internet Chess Club"]
[Date "2020.12.06"]
[Round "5"]
[White "Openyagami"]
[Black "TjkTiger"]
[Result "1-0"]
[ICCResult "Black resigns"]
[WhiteElo "2604"]
[BlackElo "2602"]
[Opening "English: ultra-symmetrical variation"]
[ECO "A36"]
[NIC "EO.31"]
[Time "20:02:25"]
[PlyCount "77"]
[TimeControl "2400+10"]


1. c4 c5 2. g3 g6 3. Bg2 Bg7 4. Nc3 Nc6 5. d3 Nf6 6. Bd2 O-O 7. Qc1 e6 8.
Bh6 d5 9. h4 dxc4 10. dxc4 Bxh6 11. Qxh6 Qd4 12. h5 Ng4 13. Qf4 Nb4 14. Kf1
Nc2 15. Rc1 Rd8 16. Nh3 Qxf4 17. Nxf4 Nb4 18. a3 Na6 19. Nd3 Nf6 20. Bf3
Nxh5 21. g4 Nf6 22. g5 Ne8 23. Ne4 Rb8 24. Ne5 Kg7 25. Ng4 e5 26. Ngf6 Nxf6
27. gxf6+ Kg8 28. Rh6 Nc7 29. Kg2 Ne6 30. Rch1 Nf4+ 31. Kg3 Bf5 32. Ng5
Nh5+ 33. Bxh5 gxh5 34. R1xh5 Bg6 35. Rh1 Kf8 36. Rxg6 fxg6 37. Rxh7 Ke8 38.
Re7+ Kf8 39. Ne6+ { Black resigns } 1-0

[Event "ICC tourney 2182 (40 10)"]
[Site "Internet Chess Club"]
[Date "2020.12.06"]
[Round "5"]
[White "AmyMGL"]
[Black "icommai"]
[Result "1/2-1/2"]
[ICCResult "Game drawn by mutual agreement"]
[WhiteElo "1900"]
[BlackElo "1852"]
[Opening "Caro-Kann: advance variation"]
[ECO "B12"]
[NIC "CK.04"]
[Time "20:01:35"]
[PlyCount "107"]
[TimeControl "2400+10"]


1. e4 c6 2. d4 d5 3. e5 Bf5 4. Nf3 e6 5. Bd3 Bxd3 6. Qxd3 Qa5+ 7. c3 Qa6 8.
Qxa6 Nxa6 9. b4 b6 10. O-O c5 11. a3 cxd4 12. Nxd4 Ne7 13. Nd2 Ng6 14. f4
Rc8 15. Bb2 Be7 16. Nb5 Kd7 17. Nxa7 Ra8 18. Nb5 Rhc8 19. Rac1 f6 20. c4
fxe5 21. cxd5 Nxf4 22. dxe6+ Kxe6 23. Rc4 Nd3 24. Bc3 Rxc4 25. Nxc4 Rc8 26.
Rd1 Nf4 27. Bxe5 Rxc4 28. Bxg7 Rc1 29. Rxc1 Ne2+ 30. Kf1 Nxc1 31. Bd4 Bd8
32. g3 Kd5 33. Be3 Nd3 34. Ke2 Nb2 35. h4 Nc4 36. Bf2 Bf6 37. g4 Bb2 38. g5
Ke4 39. h5 Kf5 40. g6 hxg6 41. hxg6 Kxg6 42. Kd3 Nxa3 43. Nxa3 Nxb4+ 44.
Kc4 Bxa3 45. Bxb6 Nc6 46. Kd5 Ne7+ 47. Ke6 Nf5 48. Kd5 Bb2 49. Ke4 Kf6 50.
Ba7 Ke6 51. Bg1 Be5 52. Ba7 Nd6+ 53. Kd3 Kd5 54. Bb8 { Game drawn by mutual
agreement } 1/2-1/2

[Event "ICC tourney 2182 (40 10)"]
[Site "Internet Chess Club"]
[Date "2020.12.06"]
[Round "5"]
[White "andrewjiang2"]
[Black "goodcrowdchess"]
[Result "1-0"]
[ICCResult "Black checkmated"]
[WhiteElo "1930"]
[BlackElo "1691"]
[Opening "Giuoco Pianissimo"]
[ECO "C55"]
[NIC "IG.01"]
[Time "20:01:42"]
[PlyCount "109"]
[TimeControl "2400+10"]


1. e4 e5 2. Nf3 Nc6 3. Bc4 Nf6 4. d3 Bc5 5. c3 d6 6. Nbd2 O-O 7. Nf1 a6 8.
Ng3 Be6 9. Bb3 d5 10. Bg5 d4 11. Nh5 Be7 12. Bxf6 Bxf6 13. Bxe6 fxe6 14.
Nxf6+ Qxf6 15. O-O Rad8 16. Qe2 Ne7 17. Rac1 Rd7 18. Nd2 Ng6 19. g3 Qg5 20.
Kh1 Rfd8 21. cxd4 exd4 22. f4 Qe7 23. Nf3 e5 24. f5 Nh8 25. g4 Nf7 26. h4
h6 27. Rg1 Kh7 28. g5 hxg5 29. hxg5 Rh8 30. g6+ Kg8+ 31. Kg2 Ng5 32. Rh1
Rxh1 33. Rxh1 Nxf3 34. Kxf3 Qf6 35. Qc2 c6 36. Qc4+ Kf8 37. Rh8+ Ke7 38.
Rg8 Kd6 39. Qb4+ Kc7 40. Qa5+ Kd6 41. Re8 Re7 42. Qd8+ Rd7 43. Qxf6+ gxf6
44. Re6+ Kc5 45. Rxf6 b5 46. Rf7 Rd8 47. g7 Rg8 48. f6 Kb4 49. Rf8 Rxf8 50.
gxf8=Q+ c5 51. f7 a5 52. Qd6 a4 53. f8=Q a3 54. Qxc5+ Ka5 55. Qa8# { Black
checkmated } 1-0

[Event "ICC tourney 2182 (40 10)"]
[Site "Internet Chess Club"]
[Date "2020.12.06"]
[Round "5"]
[White "marble"]
[Black "e4f5"]
[Result "1/2-1/2"]
[ICCResult "Game drawn by mutual agreement"]
[WhiteElo "2537"]
[BlackElo "2253"]
[Opening "Sicilian: Sozin, not Scheveningen"]
[ECO "B57"]
[NIC "SI.25"]
[Time "20:01:38"]
[PlyCount "113"]
[TimeControl "2400+10"]


1. e4 c5 2. Nf3 d6 3. d4 cxd4 4. Nxd4 Nf6 5. Nc3 Nc6 6. Bc4 Bd7 7. O-O g6
8. Nxc6 Bxc6 9. Bg5 Bg7 10. Nd5 O-O 11. Bxf6 Bxf6 12. Nxf6+ exf6 13. Qd4
Qe7 14. f3 Qe5 15. Rad1 Rfd8 16. c3 b5 17. Bb3 a5 18. a3 Qxd4+ 19. Rxd4 Kf8
20. Rfd1 Ke7 21. g4 Ra6 22. Kg2 Bd7 23. Kg3 Be6 24. Bc2 Rb6 25. f4 Rdb8 26.
h4 b4 27. cxb4 axb4 28. a4 Ra8 29. Ra1 Ra5 30. f5 Bd7 31. Bb3 Be8 32. Rd5
Rba6 33. Rxa5 Rxa5 34. Kf4 Bc6 35. Rc1 Ra6 36. Rc4 Bxa4 37. Rxb4 Bxb3 38.
Rxb3 Kf8 39. Rb8+ Kg7 40. Ke3 Ra1 41. b4 Rg1 42. h5 Rxg4 43. hxg6 hxg6 44.
fxg6 fxg6 45. Rb7+ Kh6 46. b5 Rg1 47. b6 Rb1 48. Kd4 g5 49. Rb8 g4 50. Kd5
g3 51. Rg8 Rxb6 52. Rxg3 Rb5+ 53. Ke6 Re5+ 54. Kxf6 Kh5 55. Re3 Kg4 56. Rd3
Rxe4 57. Rxd6 { Game drawn by mutual agreement } 1/2-1/2

[Event "ICC tourney 2182 (40 10)"]
[Site "Internet Chess Club"]
[Date "2020.12.06"]
[Round "5"]
[White "kevinsun"]
[Black "HarleyQueen8"]
[Result "0-1"]
[ICCResult "White resigns"]
[WhiteElo "1161"]
[BlackElo "1867"]
[Opening "Sicilian: Canal-Sokolsky attack, Sokolsky variation"]
[ECO "B52"]
[NIC "SI.01"]
[Time "20:02:25"]
[PlyCount "124"]
[TimeControl "2400+10"]


1. e4 c5 2. Nf3 d6 3. Bb5+ Bd7 4. Bxd7+ Qxd7 5. c4 Nc6 6. Nc3 Nf6 7. O-O g6
8. d3 Bg7 9. Be3 O-O 10. h3 b6 11. Qd2 e6 12. Bh6 Rad8 13. Bxg7 Kxg7 14.
Rad1 d5 15. e5 Ng8 16. cxd5 exd5 17. d4 cxd4 18. Nb5 Nxe5 19. Nxe5 Qxb5 20.
Qxd4 Nf6 21. Ng4 Qc6 22. Rd3 h5 23. Ne3 Rfe8 24. Rfd1 Re4 25. Qc3 Qxc3 26.
Rxc3 Rd7 27. Rcd3 Rde7 28. Nxd5 Nxd5 29. Rxd5 Re1+ 30. Rxe1 Rxe1+ 31. Kh2
Re2 32. Rb5 Rxf2 33. Kg3 Rd2 34. a4 Kf6 35. a5 Rd6 36. b4 Ke6 37. axb6 axb6
38. Kf4 f6 39. Ke4 Kd7 40. Rd5 Kc6 41. b5+ Kd7 42. Rd3 Rxd3 43. Kxd3 Kd6
44. Kd4 h4 45. Kc4 Ke5 46. Kd3 Kd5 47. Ke3 Kc5 48. Ke4 Kxb5 49. Kd5 Ka4 50.
Ke6 b5 51. Kxf6 b4 52. Kxg6 b3 53. Kg5 b2 54. Kxh4 b1=Q 55. g4 Qg6 56. g5
Kb4 57. Kg4 Kc4 58. h4 Kd4 59. h5 Qe4+ 60. Kh3 Ke5 61. g6 Qf4 62. g7 Qg5 {
White resigns } 0-1